Map: Neon Violet Square LE

Players

Elazer

  • Race: Zerg Zerg
  • Spawn Location: 11:00

Nice - Winner!

  • Race: Protoss Protoss
  • Spawn Location: 5:00

Event: WCS Leipzig 2018

VOD

Have the link to the VOD?

Description

Time

  • Played on: Jan. 27, 2018, 4:47 a.m.
  • Length: 6:16

All games in this series

Show
View Real Time Build Order
Export as new Build Order

Elazer Zerg 

Build Orders: Hatch First 

Get SALT Encoding   

  12  0:00  Drone  
  13  0:13  Overlord  
  13  0:17  Drone  
  14  0:31  Drone x2  
  14  0:35  Drone  
  17  0:51  Hatchery  
  17  0:56  Drone  
  17  0:58  Drone  
  18  1:10  Extractor  
  17  1:14  Spawning Pool  
  17  1:17  Drone  
  17  1:20  Drone  
  18  1:29  Drone  
  20  1:40  Drone  
  20  1:50  Overlord  
  20  2:03  Queen x2  
  20  2:04  Zergling x4  
  26  2:09  Metabolic Boost  
  26  2:11  Drone  
  26  2:15  Drone  
  28  2:23  Drone  
  28  2:25  Drone  
  30  2:37  Drone, Hatchery  
  30  2:44  Queen  
  30  2:49  Overlord  
  32  2:52  Drone  
  32  2:54  Drone  
  32  2:58  Drone  
  35  3:02  Drone  
  36  3:08  Zergling x4  
  38  3:14  Overlord  
  38  3:15  Drone x2  
  38  3:19  Drone x2  
  42  3:22  Queen  
  44  3:29  Overlord  
  44  3:38  Overlord  
  43  3:49  Drone x3  
  43  3:51  Lair  
  43  3:52  Drone x2  
  43  3:54  Drone x2  
  43  3:55  Drone x2  
  52  3:56  Drone  
  52  3:58  Spore Crawler  
  52  4:02  Drone x2  
  54  4:05  Drone  
  55  4:11  Overlord  
  55  4:12  Drone  
  55  4:15  Extractor  
  55  4:16  Extractor  
  53  4:18  Drone, Roach Warren  
  53  4:21  Drone x2  
  53  4:22  Drone  
  56  4:25  Drone  
  56  4:26  Drone x2  
  59  4:33  Drone x3  
  59  4:34  Overlord  
  62  4:38  Zergling x2  
  62  4:44  Overlord  
  62  4:45  Queen  
  65  4:48  Overlord  
  65  4:52  Overseer  
  65  4:54  Nydus Network, Zergling x4  
  65  4:57  Queen  
  68  5:02  Zergling x6  
  71  5:15  Roach x4  
  71  5:18  Evolution Chamber  
  78  5:22  Roach x3  
  78  5:27  Roach  
  76  5:36  Roach x4  
  76  5:39  Roach  
  77  5:45  Roach  
  77  5:49  Roach  
  68  5:56  Roach  
Show
View Real Time Build Order
Export as new Build Order

Nice Protoss - Winner!

Build Orders: 1 Gate Expand 

Get SALT Encoding   

  12  0:00  Probe  
  13  0:13  Probe  
  14  0:20  Pylon  
  14  0:25  Probe  
  15  0:38  Probe (Chrono Boost)  
  15  0:39  Gateway  
  16  0:49  Probe (Chrono Boost)  
  17  0:52  Assimilator  
  17  0:54  Probe (Chrono Boost)  
  18  1:05  Probe (Chrono Boost)  
  19  1:15  Probe (Chrono Boost)  
  20  1:19  Probe (Chrono Boost)  
  21  1:29  Nexus  
  21  1:39  Cybernetics Core  
  21  1:43  Assimilator  
  21  1:47  Probe  
  22  1:54  Pylon  
  22  1:59  Probe  
  23  2:12  Probe  
  23  2:13  Adept (Chrono Boost)  
  26  2:16  Warp Gate  
  26  2:24  Probe  
  26  2:29  Stargate  
  27  2:35  Stalker  
  27  2:36  Probe  
  30  2:41  Probe  
  31  2:48  Probe  
  32  2:53  Probe, Pylon  
  33  3:00  Probe  
  34  3:09  Twilight Council  
  36  3:15  Probe x2  
  36  3:29  Robotics Facility  
  36  3:35  Gateway x2  
  36  3:42  Gateway, Charge (Chrono Boost)  
  36  3:50  Shield Battery  
  36  3:53  Pylon  
  34  3:56  Gateway  
  34  4:01  Gateway  
  34  4:04  Gateway  
  34  4:09  Gateway  
  34  4:19  Pylon, Warp Prism (Chrono Boost)  
  36  4:27  Pylon  
  36  4:28  Pylon  
  36  4:32  Zealot  
  36  4:34  Zealot  
  36  4:35  Zealot  
  36  4:37  Pylon  
  42  4:42  Zealot  
  44  5:06  Zealot x7  
  58  5:08  Zealot  
  58  5:26  Zealot x6  
  66  5:38  Zealot x2  
  68  5:46  Zealot x4  
  68  5:55  Zealot x2  
  66  5:59  Zealot x2  
  66  6:03  Zealot  
Tags
 
Add a new tag
Caveats
  • Supply blocks, unpowered buildings, or Contaminate may cause inaccurate times.
  • Supply counts are checked every 10 seconds.